 Dungeon Crawl Stone Soup version 0.30-a0-618-gd6c86c23d0 (webtiles) character file.

Game seed: 11658743407325052537

56 Leeroy the Slasher (level 3, 0/27 HPs)
             Began as a Merfolk Gladiator on Jan 9, 2023.
             Slain by an orc
             ... wielding a +0 trident of venom
              (4 damage)
             ... on level 3 of the Dungeon.
             The game lasted 00:01:47 (1406 turns).

Leeroy the Slasher (Merfolk Gladiator)              Turns: 1406, Time: 00:01:48

Health: 0/27       AC:  7    Str: 14    XL:     3   Next: 97%
Magic:  3/3        EV: 13    Int:  7    God:
Gold:   170        SH:  0    Dex: 17    Spells: 2/2 levels left

rFire   . . .      SeeInvis .    a - +0 long sword
rCold   . . .      Faith    .    (no shield)
rNeg    . . .      Spirit   .    b - +0 leather armour
rPois   .          Reflect  .    c - +0 helmet
rElec   .          Harm     .    (no cloak)
rCorr   .          Rampage  .    g - +2 pair of gloves
Will    .....                    (no boots)
Stlth   +                        u - amulet of the acrobat
HPRegen 0.24/turn                (no ring)
MPRegen 0.08/turn                (no ring)

@: lethally poisoned (0 -> -8)
A: (nimble swimmer 2), mertail
a: no special abilities


You were on level 3 of the Dungeon.
You visited 1 branch of the dungeon, and saw 3 of its levels.

You collected 170 gold pieces.

Inventory:

Hand Weapons
 a - a +0 long sword (weapon)
 v - a +2 dagger of draining
Missiles
 d - 3 throwing nets (quivered)
 e - a javelin
 q - 3 curare-tipped darts
 x - 5 silver javelins
Armour
 b - a +0 leather armour (worn)
 c - a +0 helmet (worn)
 g - a +2 pair of gloves (worn)
Jewellery
 h - an amulet of regeneration
 u - an amulet of the acrobat (around neck)
Wands
 r - a wand of acid (5)
Scrolls
 f - a scroll of torment {unknown}
 i - a scroll of amnesia {unknown}
 j - 2 scrolls of brand weapon {unknown}
 k - 3 scrolls of teleportation {unknown}
 l - a scroll of enchant weapon {unknown}
 m - 4 scrolls of identify {unknown}
 n - a scroll of vulnerability {unknown}
 s - a scroll of poison {unknown}
 y - a scroll of fear {unknown}
Potions
 o - 2 potions of cancellation
 p - a potion of invisibility {unknown}
 t - a potion of curing {unknown}
 w - 2 potions of flight {unknown}


   Skills:
 - Level 2.1 Fighting
 + Level 5.7 Long Blades
 - Level 2.0 Throwing
 - Level 4.0 Dodging


You had 2 spell levels left.
You didn't know any spells.
Your spell library contained the following spells:

 Spells                   Type           Power      Damage    Failure   Level
 Cigotuvi's Dreadful Rot  Necr/Pois/Air  0%         N/A       65%         2
 Poisonous Vapours        Pois/Air       0%         N/A       65%         2
 Mephitic Cloud           Conj/Pois/Air  0%         N/A       87%         3
 Tukima's Dance           Hex            0%         N/A       87%         3
 Passage of Golubria      Tloc           0%         N/A       99%         4
 Yara's Violent Unravell  Hex/Tmut       0%         3d3       100%        5


Dungeon Overview and Level Annotations

Branches:
Dungeon (3/15)

Altars:
Fedhas

Shops:
D:2 *


Innate Abilities, Weirdness & Mutations

((You are very nimble when in or above water. (Stealth+, EV+, Speed+++)))
Your lower body shifts to a powerful aquatic tail in water.


Message History

The adder completely misses you.
You miss the adder. The adder bites you but does no damage.
You barely miss the adder. The adder bites you but does no damage.
An endoplasm comes into view.
The adder misses you.
You hit the adder.
The adder is moderately wounded.
The orc hits you but does no damage.
You are poisoned.
The orc barely misses you. The adder barely misses you.
You barely miss the adder.
The adder is moderately wounded.
You feel very sick. The adder bites you.
You are more poisoned.
The adder poisons you! The orc barely misses you.
The orc hits you from afar with a +0 trident.
The adder bites you but does no damage.
You barely miss the adder.
The adder is moderately wounded.
You feel very sick. The orc hits you but does no damage.
You are lethally poisoned!
The orc completely misses you. The adder closely misses you.
The orc barely misses you.
The orc hits you from afar with a +0 trident.
You are too injured to fight recklessly!
You are too injured to fight recklessly!
You are too injured to fight recklessly!
* * * LOW HITPOINT WARNING * * *
You feel very sick. The adder attacks as you move away! The adder misses you.
* * * LOW HITPOINT WARNING * * *
You feel very sick. The adder misses you.
It was a potion of cancellation.
You feel magically purged.
* * * LOW HITPOINT WARNING * * *
You feel sick. The adder barely misses you.
The orc hits you from afar with a +0 trident of venom.
You die...

##.....# .......#
......# ......#
#.....# #o....#
#ooJ..# ######
#S....#
#....#######@#####
##'##.........#
##8.8####.######
##.....###..#
##8.....8###.#
#.........##.#
8.........8#.#
)..........+.#
8.........8#.#


You could see an adder, 3 orcs and an endoplasm.

Vanquished Creatures
  3 adders
  3 endoplasms (D:1)
  A giant cockroach (D:2)
  2 goblins
  2 hobgoblins (D:1)
  7 kobolds
  3 ball pythons
  3 bats (D:2)
  2 frilled lizards
  6 rats
32 creatures vanquished.

Vanquished Creatures (others)
  A fungus (D:1)
1 creature vanquished.

Grand Total: 33 creatures vanquished

Notes
Turn   | Place    | Note
-------+----------+-------------------------------------------
     0 | D:1      | Leeroy the Merfolk Gladiator began the quest for the Orb.
     0 | D:1      | Reached XP level 1. HP: 16/16 MP: 1/1
   184 | D:1      | Reached skill level 4 in Long Blades
   251 | D:1      | Reached XP level 2. HP: 20/22 MP: 2/2
   333 | D:1      | Found a faded altar of an unknown god.
   739 | D:2      | Reached XP level 3. HP: 27/27 MP: 3/3
   813 | D:2      | Reached skill level 5 in Long Blades
   852 | D:2      | Found Kipomehe's Assorted Antiques.
   970 | D:2      | Found a blossoming altar of Fedhas.
  1406 | D:3      | Slain by an orc

Illustrated notes

Levels and vault maps discovered:
D:1:      tarquinn_simple_flora_water_a, layout_basic,
          shapermc_ecumenical_altar_mp_urbaneastern,
          hangedman_decor_diamond_cutter
D:2:      layout_loops_ring, basic_altar, serial_shops,
          nicolae_shop_hallway_plus, corner_web_ring, minmay_goblin_kobold_house
D:3:      layout_basic, dk_noncrumbling_4, uniq_ijyb

Skill      XL: |  1  2  3 |
---------------+----------+-----
Long Blades    | 4 5 |  5.7
Fighting       | |  2.1
Throwing       | |  2.0
Dodging        | |  4.0

Action                   || total
-------------------------++-------
Melee: Long sword        ||    78
       Punch             ||     1
  Use: Potion            ||     1
 Stab: Sleeping          ||     1
Armor: Leather armour    ||    21
Dodge: Dodged            ||    72

Table legend: (Time is in decaauts)
 A = Elapsed time spent in this place.
 B = Non-inter-level travel time spent in this place.
 C = Inter-level travel time spent in this place.
 D = Time resting spent in this place.
 E = Time spent auto-exploring this place.
 F = Levels seen in this place.
 G = Mean time per level.
                   A        B        C        D        E       F      G
               +--------+--------+--------+--------+--------+-----+--------+
         Total |   1417 |   1336 |     81 |      0 |   1075 |   3 |  472.3 |
       Dungeon |   1417 |   1336 |     81 |      0 |   1075 |   3 |  472.3 |
               +--------+--------+--------+--------+--------+-----+--------+

Top non-repeatable levels by time:
     D:2: 733 daAuts
     D:1: 607 daAuts
     D:3: 76 daAuts
